 Dungeon Crawl Stone Soup version 0.17-a0-1778-gd369669 (webtiles) character file.

20 Medar the Insei (level 2, -2/18 HPs)
             Began as an Octopode Transmuter on Sept 8, 2015.
             Slain by a kobold
             ... wielding a +0 whip
              (8 damage)
             ... on level 1 of the Dungeon.
             The game lasted 00:02:26 (807 turns).

Medar the Insei (Octopode Transmuter)                Turns: 807, Time: 00:02:27

Health: -2/18      AC:  1    Str:  9    XL:     2   Next: 79%
Magic:  4/5        EV: 12    Int: 15    God:
Gold:   34         SH:  0    Dex: 12    Spells: 2 memorised, 2 levels left

rFire  . . .     SeeInvis .       - Unarmed
rCold  . . .     Clarity  .     (no shield)
rNeg   . . .     SustAt   .     (helmet restricted)
rPois  .         Gourm    .     (no amulet)
rElec  .         Spirit   .     (no ring)
rCorr  .         Warding  .     (no ring)
rMut   .         Stasis   .     (no ring)
MR     .....                    (no ring)
Stlth  ++........               (no ring)
                                (no ring)
                                (no ring)
                                (no ring)

@: appendage (expiring), not resistant to hostile enchantments, unstealthy
A: almost no armour, amphibious, 8 rings, constrict 8, tentacle spike 3,
camouflage 1, gelatinous body 1
a: End Transformation


You were on level 1 of the Dungeon.
You were not hungry.
One of your tentacles had a temporary spike.
You visited 1 branch of the dungeon, and saw 1 of its levels.

You collected 34 gold pieces.

Inventory:

Missiles
 a - 26 arrows
Scrolls
 d - a scroll of teleportation {unknown}
 e - a scroll of recharging {unknown}
 f - a scroll of identify {unknown}
Potions
 h - a potion of curing {unknown}
Books
 b - a book of Changes

   Spells                             Type                      Level
   a - Beastly Appendage              Transmutation                1
   b - Sticks to Snakes               Transmutation                2
   c - Spider Form                    Transmutation/Poison         3
   d - Ice Form                       Ice/Transmutation            4
   e - Blade Hands                    Transmutation                5
Comestibles
 c - a bread ration {@e1}
 g - 3 chunks of flesh
 i - a slice of pizza


   Skills:
 - Level 1.0 Fighting
 - Level 2.0 Dodging
 + Level 4.0 Unarmed Combat
 - Level 2.0 Spellcasting
 - Level 2.0 Transmutations


You had 2 spell levels left.
You knew the following spells:

 Your Spells              Type           Power        Failure   Level  Hunger
d - Sticks to Snakes      Trmt           #.........   14%         2    ###....
s - Beastly Appendage     Trmt           #.....       12%         1    #......


Dungeon Overview and Level Annotations

Branches:
Dungeon (1/15)

Altars:


Innate Abilities, Weirdness & Mutations

You cannot wear most types of armour.
You are amphibious.
You can wear up to eight rings at the same time.
You can use your tentacles to constrict eight enemies at once.
Your skin changes colour to match your surroundings (Stealth).
Your rubbery body absorbs attacks (AC +1).
One of your tentacles bears a large vicious spike.


Message History

The floor.
Your tentacle spike disappears.
The kobold throws a stone.
The stone hits you but does no damage.
Found a ring mail and 11 stones.
Things that are here:
a stone; a giant newt corpse
Casting: Beastly Appendage
Confirm with . or Enter, or press ? or * to list all spells.
One of your tentacles grows a vicious spike.
The kobold hits you with a whip.
You miss the kobold. Your grab misses the kobold.
Your tentacle spike misses the kobold.
Your tentacle-slap misses the kobold.
The kobold hits you with a whip.
You completely miss the kobold. Your grab misses the kobold.
Your tentacle spike misses the kobold.
Your squeeze misses the kobold. The kobold barely misses you.
You closely miss the kobold. Your grab misses the kobold.
Your transformation is almost over.
The kobold hits you with a whip!
You die...

### #.# #.##### #
#############.....#.##.#
............$.((.K....[.
........########@#....#
#######.# #(# ..# #.#
#.# # ### #.# #.# #..
#.. #.. #.# ##. ### #.#
.## #.# ..# #.. #.##
########


You could see a kobold.

Vanquished Creatures
  A giant cockroach (D:1)
  2 hobgoblins (D:1)
  7 jackals (D:1)
  2 bats (D:1)
  A giant newt (D:1)
  3 goblins (D:1)
  A kobold (D:1)
17 creatures vanquished.

Vanquished Creatures (collateral kills)
  A hobgoblin (D:1)
1 creature vanquished.

Grand Total: 18 creatures vanquished

Notes
Turn   | Place    | Note
--------------------------------------------------------------
     0 | D:1      | Medar the Octopode Transmuter began the quest for the Orb.
     0 | D:1      | Reached XP level 1. HP: 13/13 MP: 3/3
   466 | D:1      | Reached XP level 2. HP: 15/18 MP: 3/5
   470 | D:1      | Learned a level 2 spell: Sticks to Snakes
   801 | D:1      | Reached skill level 4 in Unarmed Combat
   807 | D:1      | Slain by a kobold

Vault maps used:
D:1:      minmay_arrival_jagged

Action                   || total
-------------------------++-------
Melee: Unarmed           ||    45
 Cast: Beastly Appendage ||    12
       Sticks to Snakes  ||     2
 Stab: Sleeping          ||     2
